 Dungeon Crawl Stone Soup version 0.28.0-53-g5a82cb258f (webtiles) character file.

Game seed: 8393396788775884576

18 Godmorgon the Covered (level 2, 27/27 HPs)
             Began as a Minotaur Fighter on Aug 6, 2022.
             Got out of the dungeon alive.
             The game lasted 00:03:54 (562 turns).

Godmorgon the Covered (Minotaur Fighter)             Turns: 562, Time: 00:03:54

Health: 27/27      AC:  7    Str: 20    XL:     2   Next: 51%
Magic:  1/1        EV:  9    Int:  5    God:
Gold:   4          SH:  4    Dex:  9    Spells: 1/1 levels left

rFire   + . .      SeeInvis .   a - +0 flail
rCold   . . .      Faith    .   c - +0 buckler
rNeg    . . .      Spirit   .   b - +0 scale mail
rPois   .          Reflect  .   (helmet restricted)
rElec   .          Harm     .   (no cloak)
rCorr   .          Rampage  .   (no gloves)
Will    .....                   (no boots)
Stlth   ..........              (no amulet)
HPRegen 0.09/turn               g - ring of protection from fire
MPRegen 0.07/turn               (no ring)

@: no status effects
A: horns 2, retaliatory headbutt
a: no special abilities


You escaped.
You visited 1 branch of the dungeon, and saw 1 of its levels.

You collected 4 gold pieces.

Inventory:

Hand Weapons
 a - a +0 flail (weapon)
Armour
 b - a +0 scale mail (worn)
 c - a +0 buckler (worn)
Jewellery
 g - a ring of protection from fire (left hand)
Scrolls
 e - a scroll of teleportation {unknown}
Potions
 d - a potion of might
 f - a potion of resistance {unknown}


   Skills:
 + Level 3.9 Fighting
 - Level 2.9 Maces & Flails
 - Level 4.0 Armour
 - Level 3.9 Shields


You had one spell level left.
You didn't know any spells.
Your spell library was empty.

Dungeon Overview and Level Annotations

Branches:
Dungeon (1/15)

Altars:


Innate Abilities, Weirdness & Mutations

You have a pair of horns on your head.
You reflexively headbutt those who attack you in melee.


Message History

You are a level 2 Minotaur Fighter.
You are 51% of the way to level 3.
Play time: 00:02:10 (465 turns).
Zot will find you in 5524 turns if you stay in this branch and explore no new floors.
Unknown command.
Saving game... please wait.
Welcome back, Godmorgon the Minotaur Fighter.
Press ? for a list of commands and other information.
Unknown command.
There is a stone staircase leading down here.
You are a level 2 Minotaur Fighter.
You are 51% of the way to level 3.
Play time: 00:03:17 (470 turns).
Zot will find you in 5519 turns if you stay in this branch and explore no new floors.
Unknown command.
Unknown command.
Annotate which branch? (. - D:1, ? - help, ! - show branch list)
Okay, then.
Unknown command.
You are a level 2 Minotaur Fighter.
You are 51% of the way to level 3.
Play time: 00:03:31 (471 turns).
Zot will find you in 5518 turns if you stay in this branch and explore no new floors.
Unknown command.
Unknown command.
Saving game... please wait.
Welcome back, Godmorgon the Minotaur Fighter.
Press ? for a list of commands and other information.
Unknown command.
HP restored.
You see here a +0 short sword.
You see here a hobgoblin skeleton.
There is an open door here.
You see here a +0 club.
There is an open door here.
There is an open door here.
There is an open door here.
There is an open door here.
There is a staircase leading out of the dungeon here.
Are you sure you want to leave the Dungeon?
This will make you lose the game!
Uppercase [Y]es or [N]o only, please.
Are you sure you want to leave the Dungeon?
This will make you lose the game!
You have escaped!

. ##.###.....###.###.....##
..##'##.......##'##.......#
...'.'.........'.'.........#
..##'##.......##'##.......##
. ##.###.....###.###.....##
##...###...###...###...##
##..(..###.###.....###.##
#.......#####.......##+#
.........# #....@....+
#.......## ##.......##
##.....## ##.....## ##...##
##...## ##.## ##.## #+# ###


There were no monsters in sight!

Vanquished Creatures
  An endoplasm (D:1)
  A goblin (D:1)
  3 hobgoblins (D:1)
  2 ball pythons (D:1)
  2 bats (D:1)
  A frilled lizard (D:1)
  4 kobolds (D:1)
  7 rats (D:1)
21 creatures vanquished.

Notes
Turn   | Place    | Note
-------+----------+-------------------------------------------
     0 | D:1      | Godmorgon the Minotaur Fighter began the quest for the Orb.
     0 | D:1      | Reached XP level 1. HP: 19/19 MP: 0/0
   264 | D:1      | Reached XP level 2. HP: 27/27 MP: 1/1
   416 | D:1      | Reached skill level 4 in Armour
   562 | D:$      | Got out of the dungeon alive.

Illustrated notes

Levels and vault maps discovered:
D:1:      elethiomel_arrival_diamonds, layout_basic,
          hangedman_decor_diamond_cutter, corexii_leaking_fountain,
          minivault_23, grunt_decor_cap

Skill      XL: |  1  2 |
---------------+-------+-----
Armour         | 4 |  4.0
Fighting       | |  3.9
Maces & Flails | |  2.9
Shields        | |  3.9

Action                   || total
-------------------------++-------
Melee: Flail             ||    39
       Headbutt          ||     3
Armor: Scale mail        ||    19
Dodge: Dodged            ||    16
Block: Buckler           ||     6
